 Dungeon Crawl Stone Soup version 0.28.0-53-g5a82cb258f (webtiles) character file.

Game seed: 11946874362070116678

3874 Revguard the Ogre Mage (level 10, -4/100 HPs)
             Began as an Ogre Conjurer on June 17, 2022.
             Was a Follower of Nemelex Xobeh.
             Slain by a two-headed ogre
             ... wielding a +0 dire flail
              (20 damage)
             ... on level 8 of the Dungeon.
             The game lasted 00:29:40 (9325 turns).

Revguard the Ogre Mage (Ogre Conjurer)              Turns: 9325, Time: 00:29:41

Health: -4/100     AC:  9    Str: 13    XL:     10   Next: 19%
Magic:  11/22      EV: 10    Int: 25    God:    Nemelex Xobeh [*.....]
Gold:   153        SH:  0    Dex: 11    Spells: 13/25 levels left

rFire   . . .      SeeInvis .   r - +1 demon trident
rCold   . . .      Faith    .   (no shield)
rNeg    . . .      Spirit   .   m - +2 troll leather armour {Pargi}
rPois   .          Reflect  .   (helmet restricted)
rElec   .          Harm     .   u - +1 cloak {Stlth+}
rCorr   .          Rampage  .   (gloves unavailable)
Will    ++...                   (boots unavailable)
Stlth   ++........              (no amulet)
HPRegen 1.06/turn               d - ring of willpower
MPRegen 0.18/turn               j - +6 ring of intelligence

@: unable to read
A: large, unfitting armour, tough skin 1, mutation resistance 1, sense
surroundings 1, screaming 1, inability to read while threatened
a: Renounce Religion, Draw Escape, Draw Destruction, Draw Summoning


You were on level 8 of the Dungeon.
You worshipped Nemelex Xobeh.
Nemelex Xobeh was aware of your devotion.
You visited 2 branches of the dungeon, and saw 9 of its levels.
You also visited: Sewer.

You collected 283 gold pieces.
You spent 130 gold pieces at shops.

Inventory:

Hand Weapons
 c - a +1 glaive of flaming
 r - a +1 demon trident (weapon)
Missiles
 f - a throwing net
Armour
 m - a +2 troll leather armour (worn) {Pargi}
 u - a +1 cloak of stealth (worn)
Jewellery
 d - a ring of willpower (left hand)
 j - a +6 ring of intelligence (right hand)
Wands
 b - a wand of acid (2)
 k - a wand of mindburst (15)
 l - a wand of flame (34)
 t - a wand of iceblast (15)
Scrolls
 h - a scroll of magic mapping
 i - a scroll of fear
 s - 2 scrolls of vulnerability
Potions
 a - a potion of heal wounds
 e - a potion of might
 g - a potion of cancellation
 n - a potion of magic
 q - 2 potions of brilliance


   Skills:
 + Level 6.5 Fighting
 + Level 3.2(3.9) Polearms
 - Level 3.1(3.8) Staves
 + Level 4.0 Armour
 + Level 4.9 Dodging
 - Level 1.4 Stealth
 * Level 8.4 Spellcasting
 + Level 5.8 Conjurations
 + Level 4.4 Fire Magic


You had 13 spell levels left.
You knew the following spells:

 Your Spells              Type           Power      Damage    Failure   Level
b - Searing Ray           Conj           78%        2d7       1%          2
c - Scorch                Fire           64%        2d8       1%          2
d - Flame Wave            Conj/Fire      36%        2d9       9%          4
e - Fulminant Prism       Conj/Hex       12%        3d9       22%         4

Your spell library contained the following spells:

 Spells                   Type           Power      Damage    Failure   Level
 Magic Dart               Conj           100%       1d8       1%          1
 Dazzling Flash           Conj/Hex       50%        N/A       6%          3
 Sting                    Tmut/Pois      40%        1d5       7%          1
 Mephitic Cloud           Conj/Pois/Air  20%        N/A       10%         3
 Call Imp                 Summ           10%        N/A       11%         2
 Poisonous Vapours        Pois/Air       20%        N/A       11%         2
 Ignite Poison            Fire/Tmut/Pois 17%        N/A       12%         3
 Iskenderun's Mystic Bla  Conj/Tloc      25%        2d7       22%         4
 Olgreb's Toxic Radiance  Pois           10%        N/A       56%         4
 Freezing Cloud           Conj/Ice/Air   10%        6-21      65%         5
 Summon Cactus Giant      Summ           5%         N/A       100%        6


Dungeon Overview and Level Annotations

Branches:
Dungeon (8/15)             Temple (1/1) D:5           Sewer (visited)
   Lair: D:8-11

Altars:
Ashenzari
Cheibriados
Dithmenos
Elyvilon
Fedhas
Gozag
Hepliaklqana
Kikubaaqudgha
Makhleb
Nemelex Xobeh
Okawaru
Qazlal
Ru
Sif Muna
Trog
Uskayaw
Vehumet
Wu Jian
Xom
Zin

Shops:
D:2 (   D:5 *   D:6 *

Annotations:
D:4 Dowan, Duvessa


Innate Abilities, Weirdness & Mutations

You are too large for most types of armour.
You have tough skin. (AC +1)
You are somewhat resistant to further mutation.
You passively map a small area around you.
You occasionally shout uncontrollably at your foes.
You sometimes lose the ability to read scrolls when taking damage.


Message History

The two-headed ogre is lightly wounded. (Press . to maintain the ray.)
The two-headed ogre hits you with a +0 dire flail!
The two-headed ogre misses you.
Your fulminant prism crackles loudly.
The searing ray hits the two-headed ogre!
The two-headed ogre is lightly wounded.
Your fulminant prism explodes!
The blast of energy engulfs the two-headed ogre!
The two-headed ogre is heavily wounded.
You hear a croak.
The searing ray hits the two-headed ogre!
The two-headed ogre is severely wounded.
The two-headed ogre hits you with a +0 dire flail!
The two-headed ogre barely misses you.
The searing ray hits the two-headed ogre!
The two-headed ogre is severely wounded.
You finish channelling your searing ray.
The two-headed ogre closely misses you. The two-headed ogre barely misses you.
Casting: Searing Ray (safe; 1% risk of failure)
Confirm with . or Enter, or press ? or * to list all spells.
Aiming: Searing Ray (safe; 1% risk of failure)
Press: ? - help, Shift-Dir - straight line, f/p - two-headed ogre
Aim: a two-headed ogre, wielding a +0 dire flail and a +0 giant club (severely wounded, 91% to hit)
The searing ray hits the two-headed ogre but does no damage.
The two-headed ogre is severely wounded. (Press . to maintain the ray.)
The two-headed ogre hits you with a +0 dire flail!!
* * * LOW HITPOINT WARNING * * *
The two-headed ogre hits you with a +0 giant club!
* * * LOW HITPOINT WARNING * * *
The searing ray hits the two-headed ogre.
The two-headed ogre is severely wounded.
You cannot read scrolls in your current state!
Unknown command.
You draw a card...
You have drawn the Cloud.
Clouds appear around you!
The deck of cards glows slightly and disappears.
The two-headed ogre hits you with a +0 dire flail!!
You die...
Your body disappears without a glow.

..................# *
......................#
......................#
......................#
.........?............#
*......................#
..(..?................#
*......§§§.............#
......§O@.............#
########§##############
#)# #)# #<# ###


You could see a two-headed ogre.

Vanquished Creatures
  Maggie (D:7)
  A shadow (D:5)
  4 water moccasins
  Pargi (Sewer)
  2 sky beasts (D:7)
  A black bear (D:5)
  2 ice beasts
  A necrophage (D:4)
  4 ogres
  Blork the orc (D:6)
  A kobold brigand (D:7)
  2 bullfrogs (D:7)
  2 scorpions (D:7)
  3 killer bees (D:8)
  13 wights (D:7)
  A vampire bat (D:4)
  4 hounds
  2 bullfrog zombies (D:5)
  Crazy Yiuf (D:4)
  A jelly (D:5)
  2 centaur zombies (D:6)
  An orc priest (D:8)
  Terence (D:2)
  A centaur skeleton (D:7)
  An iguana (D:7)
  4 orc wizards
  11 gnolls
  2 howler monkey zombies (D:8)
  15 adders
  2 white imps (D:7)
  2 ufetubi (D:5)
  An adder skeleton (D:4)
  2 worms
  2 dart slugs
  3 fire bats (D:4)
  5 orcs
  2 spectral bats (D:4)
  5 ball pythons
  3 bat skeletons (D:4)
  A bat zombie (D:4)
  6 endoplasms
  3 giant cockroaches
  3 goblins
  7 hobgoblins
  2 jackals (D:1)
  13 kobolds
  3 quokkas
  13 bats
  A bat simulacrum (D:4)
  A frilled lizard (D:2)
  9 rats
175 creatures vanquished.

Vanquished Creatures (others)
  7 fulminant prisms
  2 fungi (D:4)
9 creatures vanquished.

Grand Total: 184 creatures vanquished

Notes
Turn   | Place    | Note
-------+----------+-------------------------------------------
     0 | D:1      | Revguard the Ogre Conjurer began the quest for the Orb.
     0 | D:1      | Reached XP level 1. HP: 16/16 MP: 3/3
   382 | D:1      | Reached XP level 2. HP: 26/26 MP: 1/5
   458 | D:1      | Learned a level 2 spell: Searing Ray
   460 | D:1      | Reached skill level 1 in Fighting
  1084 | D:1      | Reached XP level 3. HP: 30/33 MP: 7/7
  1341 | D:2      | Reached skill level 3 in Spellcasting
  1591 | D:2      | Reached XP level 4. HP: 41/41 MP: 8/8
  1737 | D:2      | Noticed Terence
  1745 | D:2      | Killed Terence
  1746 | D:2      | Reached skill level 1 in Staves
  1924 | D:2      | Reached skill level 1 in Fire Magic
  1945 | D:2      | Found Fegac's Antique Weapon Emporium.
  2269 | D:3      | Reached skill level 1 in Armour
  2294 | D:3      | Learned a level 2 spell: Scorch
  2299 | D:3      | Learned a level 4 spell: Flame Wave
  2467 | D:3      | Reached XP level 5. HP: 48/49 MP: 10/10
  3003 | D:4      | Noticed an ogre
  3009 | D:4      | Killed an ogre
  3047 | D:4      | Reached XP level 6. HP: 22/59 MP: 4/11
  3086 | D:4      | Noticed Duvessa
  3095 | D:4      | Noticed Dowan
  3117 | D:4      | Reached skill level 4 in Spellcasting
  3271 | D:4      | Noticed a necrophage
  3281 | D:4      | Killed a necrophage
  3770 | D:4      | Learned a level 4 spell: Fulminant Prism
  4060 | D:4      | Reached XP level 7. HP: 59/67 MP: 1/13
  4682 | D:4      | Found a runed translucent door.
  4683 | D:4      | Noticed Crazy Yiuf
  4690 | D:4      | Killed Crazy Yiuf
  4808 | D:5      | Entered Level 5 of the Dungeon
  4970 | D:5      | Reached skill level 5 in Spellcasting
  5120 | D:5      | Found a glowing drain.
  5134 | Sewer    | Entered a sewer
  5285 | Sewer    | Noticed Pargi
  5303 | Sewer    | Killed Pargi
  5664 | D:5      | Reached XP level 8. HP: 35/78 MP: 7/16
  6090 | D:5      | Found a staircase to the Ecumenical Temple.
  6104 | Temple   | Entered the Ecumenical Temple
  6296 | Temple   | Became a worshipper of Nemelex Xobeh the Trickster
  6446 | D:5      | Found Entyidu's Lightly-Used Armoury.
  6457 | D:5      | Bought a -1 demon trident for 130 gold pieces
  6490 | D:5      | Reached skill level 6 in Spellcasting
  6705 | D:5      | Noticed a shadow
  6718 | D:5      | Killed a shadow
  6916 | D:6      | Reached skill level 1 in Polearms
  7015 | D:6      | Reached skill level 5 in Fighting
  7015 | D:6      | Reached skill level 5 in Conjurations
  7108 | D:6      | Reached XP level 9. HP: 80/88 MP: 13/19
  7194 | D:6      | Noticed Blork the orc
  7215 | D:6      | Killed Blork the orc
  7336 | D:6      | Found a hazy altar of Hepliaklqana.
  7345 | D:6      | Found an opulent altar of Gozag.
  7417 | D:6      | Found Hibadi's General Store.
  7485 | D:6      | Gained mutation: You sometimes lose the ability to read
                  | scrolls when taking damage. [potion of mutation]
  7485 | D:6      | Gained mutation: You occasionally shout uncontrollably at
                  | your foes. [potion of mutation]
  7485 | D:6      | Gained mutation: You passively map a small area around you.
                  | [potion of mutation]
  7485 | D:6      | Gained mutation: You are somewhat resistant to further
                  | mutation. [potion of mutation]
  7613 | D:7      | Noticed Maggie
  7626 | D:7      | Killed Maggie
  7627 | D:7      | Reached skill level 7 in Spellcasting
  7835 | D:7      | Reached * piety under Nemelex Xobeh
  7947 | D:7      | Reached skill level 8 in Spellcasting
  8264 | D:7      | Received a gift from Nemelex Xobeh
  8288 | D:7      | Reached XP level 10. HP: 90/100 MP: 13/22
  9159 | D:8      | Noticed a two-headed ogre
  9159 | D:8      | Paralysed by a hornet for 3 turns
  9325 | D:8      | Slain by a two-headed ogre

Illustrated notes

Levels and vault maps discovered:
D:1:      doesnt_arrival_eight_statues, layout_basic, minmay_misc_feat_plants
D:2:      layout_basic, serial_shops, nicolae_shop_behind_doors,
          minmay_box_of_dots, uniq_terence
D:3:      layout_basic
D:4:      layout_basic, goddamned_bats, uniq_crazy_yiuf_cottage, uniq_duvessa
D:5:      wad_crossroads, layout_basic, temple_hall, portal_sewer_entry_d,
          minmay_shop_damaged
D:6:      layout_rooms, mainiacjoe_overflow_swirl, serial_shops,
          nicolae_diamond_shop, uniq_blork_the_orc
D:7:      layout_layer_cave, hex_medium, st_stairs_11, uniq_maggie
D:8:      layout_basic, kennysheep_island_fort
Temple:   dpeg_five_rooms_temple

Skill      XL: |  1  2  3  4  5  6  7  8  9 10 |
---------------+-------------------------------+-----
Fighting       | 1 2 3 4 5 6 |  6.5
Dodging        | 2 3 4 |  4.9
Spellcasting   | 3 4 5 6 8 |  8.4
Staves         | 1 2 3 |  3.1
Fire Magic     | 1 2 3 4 |  4.4
Armour         | 1 2 3 4 |  4.0
Conjurations   | 4 5 |  5.8
Polearms       | 1 3 |  3.2
Stealth        | |  1.4

Action                   |  1- 3 |  4- 6 |  7- 9 | 10-12 || total
-------------------------+-------+-------+-------+-------++-------
Melee: Unarmed           |     4 |       |       |       ||     4
       Mace              |    15 |       |       |       ||    15
       Club              |     4 |       |       |       ||     4
       Whip              |     9 |    22 |       |       ||    31
       Punch             |     1 |     1 |     1 |       ||     3
       Quarterstaff      |       |    71 |    74 |       ||   145
       Demon trident     |       |       |   104 |    51 ||   155
 Cast: Magic Dart        |    26 |    14 |       |       ||    40
       Searing Ray       |     5 |    13 |    26 |     5 ||    49
       Scorch            |       |     2 |     2 |       ||     4
       Flame Wave        |       |       |     9 |     3 ||    12
       Fulminant Prism   |       |       |     4 |     3 ||     7
Invok: Draw Escape       |       |       |       |     1 ||     1
  Use: Scroll            |       |       |    16 |     1 ||    17
       Potion            |       |       |     7 |     1 ||     8
 Stab: Sleeping          |     1 |     1 |     7 |     1 ||    10
Armor: Robe              |    17 |    42 |    44 |       ||   103
       Troll leather arm |       |       |   120 |    27 ||   147
Dodge: Dodged            |    35 |    67 |   187 |    29 ||   318
